 Dungeon Crawl Stone Soup version 0.30-a0-847-g17996783a1 (webtiles) character file.

Game seed: 8671027773323932748

136 cforsyth the Sneak (level 5, -7/32 HPs)
             Began as a Kobold Brigand on Mar 3, 2023.
             Engulfed by a cloud of flame (15 damage)
             ... on level 3 of the Dungeon.
             The game lasted 00:03:30 (2512 turns).

cforsyth the Sneak (Kobold Brigand)                 Turns: 2512, Time: 00:03:30

Health: -7/32      AC:  3    Str:  8    XL:     5   Next: 43%
Magic:  5/5        EV: 15    Int: 13    God:
Gold:   99         SH:  0    Dex: 18    Spells: 4/4 levels left

rFire   . . .      SeeInvis .    a - +3 dagger
rCold   . . .      Faith    .    (no shield)
rNeg    . . .      Spirit   .    b - +0 robe
rPois   .          Reflect  .    (no helmet)
rElec   .          Rampage  .    c - +0 cloak
rCorr   .                        (no gloves)
Will    .....                    (no boots)
Stlth   ++++                     (no amulet)
HPRegen 0.25/turn                (no ring)
MPRegen 0.09/turn                (no ring)

@: no status effects
A: small, no large weapons, nightstalker 3
a: no special abilities


You were on level 3 of the Dungeon.
You visited 1 branch of the dungeon, and saw 3 of its levels.

You collected 99 gold pieces.

Inventory:

Hand Weapons
 a - a +3 dagger (weapon)
Missiles
 d - 9 poisoned darts (quivered)
 e - 3 curare-tipped darts
Armour
 b - a +0 robe (worn)
 c - a +0 cloak (worn)
Jewellery
 t - an amulet of the acrobat
Scrolls
 l - 2 scrolls of magic mapping
 o - 2 scrolls of noise {unknown}
 p - a scroll of brand weapon {unknown}
 r - a scroll of amnesia {unknown}
 s - a scroll of poison {unknown}
 u - a scroll of teleportation {unknown}
 v - a scroll of silence {unknown}
Potions
 f - 3 potions of brilliance
 i - a potion of flight {unknown}
 j - a potion of ambrosia {unknown}
 k - 4 potions of heal wounds {unknown}
 n - a potion of cancellation {unknown}
 q - a potion of magic {unknown}
 w - a potion of attraction {unknown}


   Skills:
 + Level 3.3 Fighting
 + Level 4.1 Short Blades
 - Level 2.1 Throwing
 + Level 3.0 Dodging
 + Level 6.3 Stealth


You had 4 spell levels left.
You didn't know any spells.
Your spell library contained the following spells:

 Spells                   Type           Power      Damage    Failure   Level
 Necrotise                Necr           0%         1d4       30%         1
 Shock                    Conj/Air       0%         1d3       30%         1
 Swiftness                Air            0%         N/A       67%         3
 Vampiric Draining        Necr           0%         2d6       67%         3
 Airstrike                Air            0%         2d(0-16)  97%         4
 Agony                    Necr           0%         N/A       100%        5


Dungeon Overview and Level Annotations

Branches:
Dungeon (3/15)

Altars:


Innate Abilities, Weirdness & Mutations

You are small and have problems with some larger weapons.
You are completely attuned to the shadows.


Message History

The plant is lightly damaged.
You hit the plant.
The plant is lightly damaged.
A nearby plant withers and dies.
Done exploring.
Done exploring.
Done exploring.
Done exploring.
Done exploring.
(D) Dungeon
Where to? (Enter - D:2, ? - help)
There is a faded altar of an unknown god here.
There is an open door here.
You see here a +0 whip.
There is an open door here.
There is a stone staircase leading down here.
You climb downwards.
You hear the sound of rushing water.
There is an entrance to a sewer on this level.
Hurry and find it before the portal rusts away!
There is a stone staircase leading up here.
As you read the scroll labelled BORGHA ZARI, it crumbles to dust.
The creatures around you are filled with an inner flame!
It was a scroll of immolation.
As you read the scroll labelled XEAFUUD DIBUN, it crumbles to dust.
It is a scroll of enchant weapon.
Your +2 dagger glows red for a moment.
As you read the scroll labelled NADGHA UD ZAENU, it crumbles to dust.
It is a scroll of identify.
f - 3 potions of brilliance
As you read the scroll labelled GIWNEA FOESOAPP, it crumbles to dust.
You feel aware of your surroundings.
You sensed 1 altar, and 1 shop/portal.
It was a scroll of magic mapping.
The helpless quokka fails to defend itself.
You spit the quokka like a pig!!!
The quokka explodes!
The fiery explosion engulfs you!!
Ouch! That really hurt!
* * * LOW HITPOINT WARNING * * *
You are engulfed in blazing flames.
You die...

** *,,* *,,,,,,,,**,*****,,* **
*,,**** **,,*,******,* *,,*
,***,,,,,***,,,,,,,* *,*****,,**
,,,,,,,,,,,,,,,,,,,* *,,,,,,,,,,
****,***,***,,,#.#,# *******,,**
*,* *,* *,,,..#.# *,,* ****,*
*,* *,**#.#.##********,,* ,,,,,*
*,***,* #.....,,,,,,,,,,* ******
*,**,,**#@§§#**********,*
*,**,.....§.# *,*
********,**,..###§§# *,*
,,>,,,,,,**,.** *#.# *,*
*******,,,*,,,***,.#**********,*
*,,,,,,,,*,,,,,,,,,,,,,,,*
***,*,,,,,,,,,,,**********
*,*,,,,,*,*,*,***
*,*******,,,*,,,*


There were no monsters in sight!

Vanquished Creatures
  A hound (D:2)
  Terence (D:2)
  4 adders (D:2)
  A dart slug (D:1)
  5 endoplasms
  2 giant cockroaches (D:2)
  6 goblins
  7 hobgoblins
  2 jackals (D:1)
  A quokka (D:3)
  3 ball pythons
  5 bats
  2 frilled lizards (D:2)
  2 kobolds
  2 rats (D:1)
44 creatures vanquished.

Vanquished Creatures (others)
  3 plants (D:2)
  2 withered plants (D:2)
5 creatures vanquished.

Grand Total: 49 creatures vanquished

Notes
Turn   | Place    | Note
-------+----------+-------------------------------------------
     0 | D:1      | cforsyth the Kobold Brigand began the quest for the Orb.
     0 | D:1      | Reached XP level 1. HP: 12/12 MP: 1/1
   263 | D:1      | Reached XP level 2. HP: 17/18 MP: 2/2
   836 | D:1      | Reached XP level 3. HP: 15/22 MP: 3/3
  1288 | D:2      | Reached XP level 4. HP: 25/27 MP: 4/4
  1380 | D:2      | Noticed Terence
  1382 | D:2      | Killed Terence
  1383 | D:2      | Reached skill level 6 in Stealth
  1521 | D:2      | Reached XP level 5. HP: 22/32 MP: 5/5
  1768 | D:2      | Identified the +2 hand axe of Plunder {drain, Int+3}
  2138 | D:2      | Found a faded altar of an unknown god.
  2512 | D:3      | Engulfed by a cloud of flame

Illustrated notes

Levels and vault maps discovered:
D:1:      dpeg_arrival_tiny_a, layout_basic
D:2:      layout_loops_corners, shapermc_ecumenical_altar_flowoftime,
          uniq_terence
D:3:      layout_loops_ring, old_standard_altar, portal_sewer_entry_d,
          grunt_decor_one_mirror, uniq_natasha

Skill      XL: |  1  2  3  4  5 |
---------------+----------------+-----
Short Blades   | 3 4 |  4.1
Dodging        | 2 3 |  3.0
Fighting       | 3 |  3.3
Stealth        | 6 |  6.3
Throwing       | |  2.1

Action                     |  1- 3 |  4- 6 || total
---------------------------+-------+-------++-------
  Melee: Dagger            |    71 |    88 ||   159
         Punch             |       |     2 ||     2
    Use: Scroll            |       |     4 ||     4
   Stab: Sleeping          |    15 |     8 ||    23
 Armour: Robe              |    10 |     7 ||    17
  Dodge: Dodged            |    36 |    33 ||    69

Table legend: (Time is in decaauts)
 A = Elapsed time spent in this place.
 B = Non-inter-level travel time spent in this place.
 C = Inter-level travel time spent in this place.
 D = Time resting spent in this place.
 E = Time spent auto-exploring this place.
 F = Levels seen in this place.
 G = Mean time per level.
                   A        B        C        D        E       F      G
               +--------+--------+--------+--------+--------+-----+--------+
         Total |   2483 |   2389 |     94 |      0 |   2085 |   3 |  827.7 |
       Dungeon |   2483 |   2389 |     94 |      0 |   2085 |   3 |  827.7 |
               +--------+--------+--------+--------+--------+-----+--------+

Top non-repeatable levels by time:
     D:2: 1320 daAuts
     D:1: 1158 daAuts
     D:3: 4 daAuts
